 Dungeon Crawl Stone Soup version 0.24.0-123-gd5b16e6ec5 (webtiles) character file.

Game seed: 14386863910798184181, levelgen mode: deterministic

6176 McKennaii the Thaumaturge (level 10, -12/73 HPs)
             Began as a Yellow Draconian Conjurer on Jan 27, 2020.
             Was a Priest of Sif Muna.
             Mangled by a death yak (20 damage)
             ... on level 9 of the Dungeon.
             The game lasted 00:23:56 (12115 turns).

McKennaii the Thaumaturge (DrCj)                   Turns: 12115, Time: 00:23:57

Health: -12/73     AC: 11    Str: 11    XL:     10   Next: 60%
Magic:  5/34       EV: 13    Int: 18    God:    Sif Muna [***...]
Gold:   559        SH:  0    Dex: 16    Spells: 27/32 levels left

rFire    . . .     SeeInvis .   s - +3 short sword
rCold    . . .     Gourm    .   (no shield)
rNeg     . . .     Faith    +   (armour unavailable)
rPois    .         Spirit   .   (helmet restricted)
rElec    .         Reflect  .   n - +2 cloak {+Inv}
rCorr    +         Harm     .   (no gloves)
MR       .....                  k - +0 pair of boots
Stlth    +++.......             f - amulet of faith
HPRegen  0.22/turn              e - +4 ring of dexterity
MPRegen  0.24/turn              i - ring of magical power

@: short of breath, hasted, very quick
A: spit acid, unfitting armour, cold-blooded, acid resistance, AC +7
a: Breathe Acid, Channel Magic, Forget Spell, Renounce Religion, Evoke
Invisibility


You were on level 9 of the Dungeon.
You worshipped Sif Muna.
Sif Muna was most pleased with you.
You were hungry.

You visited 2 branches of the dungeon, and saw 10 of its levels.

You collected 615 gold pieces.
You spent 56 gold pieces at shops.

Inventory:

Hand Weapons
 s - a +3 short sword (weapon)
Armour
 k - a +0 pair of boots (worn)
 n - a +2 cloak of invisibility (worn)
Jewellery
 e - a +4 ring of dexterity (left hand)
 f - an amulet of faith (around neck)
 i - a ring of magical power (right hand)
Wands
 c - a wand of polymorph (18)
 u - a wand of flame (8)
 w - a wand of iceblast (8)
 y - a wand of enslavement (6)
 C - a wand of digging (7)
Scrolls
 g - 2 scrolls of magic mapping
 h - a scroll of teleportation {unknown}
 j - 8 scrolls of remove curse
 m - a scroll of blinking {unknown}
 p - 3 scrolls of fear {unknown}
 r - a scroll of amnesia {unknown}
 t - 5 scrolls of identify
 v - a scroll of enchant weapon
 D - a scroll of fog {unknown}
Potions
 a - a potion of magic
 d - a potion of degeneration
 l - a potion of agility {unknown}
 o - 3 potions of curing
 q - 4 potions of flight
 x - a potion of brilliance
 z - a potion of haste
 B - 2 potions of lignification {unknown}
Miscellaneous
 A - a lamp of fire
Comestibles
 b - 12 rations
 E - a chunk of flesh


   Skills:
 + Level 1.9 Fighting
 + Level 2.8 Dodging
 + Level 3.8 Stealth
 * Level 11.6 Spellcasting
 + Level 9.6 Conjurations
 + Level 0.9 Evocations


You had 27 spell levels left.
You knew the following spells:

 Your Spells              Type           Power        Failure   Level  Hunger
a - Magic Dart            Conj           ####         1%          1    None
c - Iskenderun's Mystic   Conj           #####...     1%          4    ##.....

Your spell library contained the following spells:

 Spells                   Type           Power        Failure   Level  Hunger
 Flame Tongue             Conj/Fire      ####.        1%          1    None
 Searing Ray              Conj           #####.       1%          2    None
 Throw Flame              Conj/Fire      ####..       1%          2    None
 Conjure Flame            Conj/Fire      ####....     2%          3    None
 Dazzling Spray           Conj/Hex       ####..       2%          3    None
 Force Lance              Conj/Tloc      ####....     10%         4    ##.....
 Fulminant Prism          Conj/Hex       ####......   10%         4    ##.....
 Sticky Flame             Conj/Fire      ####....     10%         4    ##.....
 Inner Flame              Hex/Fire       ##......     21%         3    None
 Fireball                 Conj/Fire      ####......   26%         5    ####...


Dungeon Overview and Level Annotations

Branches:
Dungeon (9/15)             Temple (1/1) D:4            Lair (0/6) D:9
    Orc: D:9-12

Altars:
Ashenzari
Kikubaaqudgha
Sif Muna
Trog
The Shining One

Shops:
D:7 [:!:}


Innate Abilities, Weirdness & Mutations

You can spit globs of acid.
Your golden yellow scales are hard. (AC +7)
You cannot fit into any form of body armour.
You are cold-blooded and may be slowed by cold attacks.
You are resistant to acid. (rCorr)


Message History

Casting: Iskenderun's Mystic Blast (safe; 1% risk of failure)
Confirm with . or Enter, or press ? or * to list all spells.
Aiming: Iskenderun's Mystic Blast (safe; 1% risk of failure)
Press: ? - help, Shift-Dir - straight line, f/p - death yak
Aim: a death yak (severely wounded, covered in acid)
The orb of energy hits the death yak!
The death yak is almost dead.
The orb of energy explodes!
The mystic blast hits the yak!
The yak is moderately wounded.
You hear a bellow!
The death yak gores you!!
* * * LOW HITPOINT WARNING * * *
Okay, then.
Okay, then.
Unknown command.
Unknown command.
Okay, then.
Okay, then.
You feel yourself speed up. The death yak gores you!!
You die...

#..# #.....# #.#
...###.....# #.#
##.........###.####
###.####.#<......#
###.###.#....<...#
#>..†.(###..#.#..#
#.....## ##......#
#....## ##.....#
#.....## ##.###@##
#......###.####Y#
#######.#...Y.Y.#
##.########
#########.#
#.Y.Y.Y.#.#
Y...###.#.#
#.#.###.#.#
#.#....).>#


You could see a death yak and a yak.

Vanquished Creatures
  Harold (D:8)
  A two-headed ogre (D:8)
  Pikel (D:7)
  Joseph (D:8)
  A hippogriff (D:8)
  A spriggan (D:7)
  A yak (D:9)
  A wraith (D:8)
  Eustachio (D:6)
  A porcupine (D:8)
  An orc warrior (D:7)
  3 sky beasts
  4 ice beasts
  2 slaves (D:7)
  4 ogres
  2 centaurs
  2 bullfrogs
  5 big kobolds (D:5)
  A gnoll sergeant (D:7)
  6 scorpions
  3 howler monkeys (D:9)
  6 crimson imps
  A quasit (D:6)
  3 hounds
  Crazy Yiuf (D:3)
  3 orc priests
  9 orc wizards
  4 worker ants
  A killer bee zombie (D:6)
  A worker ant zombie (D:5)
  5 gnolls
  7 adders
  A shadow imp (D:7)
  An ooze (D:1)
  2 adder zombies
  6 leopard geckos
  13 orcs
  3 giant cockroaches
  4 goblins (D:1)
  5 hobgoblins
  3 jackals (D:1)
  5 quokkas
  A ball python (D:1)
  5 bats
  2 frilled lizards
  40 kobolds
  A quokka skeleton (D:6)
  6 rats
182 creatures vanquished.

Vanquished Creatures (others)
  A shadow imp (D:7)
  An orc (D:7)
2 creatures vanquished.

Grand Total: 184 creatures vanquished

Notes
Turn   | Place    | Note
-------+----------+-------------------------------------------
     0 | D:1      | McKennaii the Draconian Conjurer began the quest for the
                  | Orb.
     0 | D:1      | Reached XP level 1. HP: 14/14 MP: 3/3
   144 | D:1      | Reached XP level 2. HP: 20/20 MP: 1/5
   775 | D:2      | Reached XP level 3. HP: 26/26 MP: 0/6
  1994 | D:3      | Found a runed translucent door.
  1995 | D:3      | Noticed Crazy Yiuf
  2243 | D:3      | Reached skill level 5 in Conjurations
  2243 | D:3      | Reached XP level 4. HP: 33/33 MP: 8/8
  2902 | D:3      | Learned a level 4 spell: Iskenderun's Mystic Blast
  2934 | D:3      | Killed Crazy Yiuf
  2934 | D:3      | Reached skill level 3 in Spellcasting
  3229 | D:4      | Noticed an ogre
  3245 | D:3      | HP: 1/33 [ogre/+0 giant spiked club (9)]
  3246 | D:3      | Killed an ogre
  3246 | D:3      | Reached XP level 5. HP: 1/38 MP: 1/10
  3611 | D:4      | Noticed a centaur
  3618 | D:4      | Killed a centaur
  3618 | D:4      | Reached skill level 4 in Spellcasting
  3618 | D:4      | Reached XP level 6. HP: 35/45 MP: 12/12
  4002 | D:4      | Found a staircase to the Ecumenical Temple.
  4235 | Temple   | Entered the Ecumenical Temple
  4243 | Temple   | Became a worshipper of Sif Muna the Loreminder
  4271 | D:5      | Entered Level 5 of the Dungeon
  5083 | D:5      | Reached skill level 5 in Spellcasting
  5083 | D:5      | Your scales start taking on a golden yellow colour.
  5083 | D:5      | Reached XP level 7. HP: 51/51 MP: 11/14
  5083 | D:5      | Gained mutation: You are resistant to acid. (rCorr) [Yellow
                  | Draconian growth]
  5538 | D:5      | Found an ancient bone altar of Kikubaaqudgha.
  5740 | D:5      | Reached * piety under Sif Muna
  5806 | D:5      | Reached skill level 6 in Spellcasting
  5816 | D:5      | Reached XP level 8. HP: 38/58 MP: 0/17
  6137 | D:5      | You fall into a shaft and drop 2 floors!
  6216 | D:5      | Reached skill level 1 in Fighting
  6240 | D:5      | Reached ** piety under Sif Muna
  6552 | D:6      | Noticed Eustachio
  6560 | D:6      | Killed Eustachio
  6560 | D:6      | Reached skill level 7 in Spellcasting
  7942 | D:6      | Reached skill level 8 in Spellcasting
  8248 | D:7      | Found Nioq Topn's Gadget Emporium.
  8404 | D:7      | Noticed Pikel
  8425 | D:7      | Killed Pikel
  8425 | D:7      | Reached XP level 9. HP: 46/64 MP: 4/21
  8539 | D:7      | Found Bavuewaa's Book Emporium.
  8601 | D:7      | Found Utenadd's Armour Emporium.
  8691 | D:7      | Reached skill level 9 in Spellcasting
  8911 | D:7      | Found Vyevu's Book Boutique.
  8936 | D:7      | Found Maadoix's Distillery.
  8963 | D:7      | Bought a potion of brilliance for 56 gold pieces
  9560 | D:8      | Noticed Harold
  9580 | D:8      | Killed Harold
  9580 | D:8      | Reached skill level 10 in Spellcasting
  9888 | D:8      | Reached *** piety under Sif Muna
 10359 | D:8      | Noticed Joseph
 10441 | D:7      | Reached XP level 10. HP: 72/72 MP: 24/24
 10657 | D:8      | Noticed a two-headed ogre
 10662 | D:8      | Killed a two-headed ogre
 10848 | D:8      | Killed Joseph
 10848 | D:8      | Reached skill level 11 in Spellcasting
 11551 | D:9      | Noticed a death yak
 11855 | D:9      | Found a staircase to the Lair.
 12063 | D:9      | Noticed a death yak
 12115 | D:9      | Mangled by a death yak

Levels and vault maps discovered:
D:1:      wander_arrival_estate, layout_basic
D:2:      layout_loops_ring, bh_walls_and_bars
D:3:      layout_basic, uniq_crazy_yiuf_cottage
D:4:      layout_basic, temple_doors_cd
D:5:      minmay_goblin_kobold_castle, layout_loops_ring, kennysheep_mini,
          first_ration, kennysheep_path_1
D:6:      layout_layer_cave, uniq_eustachio
D:7:      layout_basic, serial_shops, shop, shop_fountains, shop, shop,
          nicolae_shop_stone, the_bakery, uniq_pikel
D:8:      layout_cave_pods, uniq_harold, uniq_joseph
D:9:      layout_loops_cross, dpeg_lair_monsters, serial_shops,
          nicolae_shop_trees
Temple:   nicolae_temple_the_god_donut

Skill      XL: |  1  2  3  4  5  6  7  8  9 10 |
---------------+-------------------------------+-----
Conjurations   | 5 6 7 8 9 |  9.6
Spellcasting   | 3 4 5 6 8 10 11 | 11.6
Dodging        | 2 |  2.8
Stealth        | 2 3 |  3.8
Fighting       | 1 |  1.9
Evocations     | |  0.9

Action                   |  1- 3 |  4- 6 |  7- 9 | 10-12 || total
-------------------------+-------+-------+-------+-------++-------
Melee: Unarmed           |     9 |       |     9 |       ||    18
       Tailslap          |     2 |       |     1 |     1 ||     4
       Short sword       |       |       |       |    17 ||    17
 Cast: Magic Dart        |    77 |   117 |   216 |    45 ||   455
       Iskenderun's Myst |       |     2 |    69 |    48 ||   119
 Abil: Breathe Acid      |       |       |    12 |     7 ||    19
Evoke: Wand              |       |       |     5 |       ||     5
  Use: Scroll            |     4 |     3 |       |       ||     7
       Potion            |       |     1 |     5 |     1 ||     7
  Eat: Chunk             |     4 |     6 |    17 |     5 ||    32
       Ration            |       |     1 |     3 |     1 ||     5
Armor: Skin              |     5 |    12 |    36 |    14 ||    67
Dodge: Dodged            |    20 |    28 |    58 |    15 ||   121
